 Dungeon Crawl Stone Soup version 0.30.1-11-g7821555f0a (webtiles) character file.

Game seed: 2491656805705927405

15 ChrisAssaf the Stinger (level 2, -1/13 HPs)
             Began as a Vine Stalker Venom Mage on Jan 6, 2024.
             Slain by a kobold
             ... wielding a +0 whip
              (2 damage)
             ... on level 1 of the Dungeon.
             The game lasted 00:01:45 (231 turns).

ChrisAssaf the Stinger (Vine Stalker Venom Mage)     Turns: 231, Time: 00:01:46

Health: -1/13      AC:  3    Str: 10    XL:     2   Next: 50%
Magic:  0/6        EV: 12    Int: 15    God:
Gold:   27         SH:  0    Dex: 14    Spells: 2/5 levels left

rFire   . . .        f - +0 short sword
rCold   . . .        (no shield)
rNeg    . . .        a - +1 robe
rPois   .            (no helmet)
rElec   .            (no cloak)
rCorr   .            (no gloves)
SInv    .            (no boots)
Will    .....        (no amulet)
Stlth   ++           (no ring)
HPRegen 0.22/turn    (no ring)
MPRegen 0.10/turn

%: guardian spirit
@: no status effects
A: fangs 2, magic shield, antimagic bite, no potion heal 2
a: no special abilities


You were on level 1 of the Dungeon.
You visited 1 branch of the dungeon, and saw 1 of its levels.

You collected 27 gold pieces.

Inventory:

Hand Weapons
 f - a +0 short sword (weapon)
Armour
 a - a +1 robe (worn)
Jewellery
 h - a ring of wizardry
 i - a ring of flight
Scrolls
 c - a scroll of fear {unknown}
 e - a scroll of identify {unknown}
Potions
 g - a potion of berserk rage {unknown}


   Skills:
 * Level 0.1 Fighting
 * Level 0.1 Short Blades
 * Level 0.2 Armour
 * Level 1.6 Dodging
 * Level 2.4 Stealth
 * Level 2.3 Spellcasting
 * Level 1.0 Transmutations
 * Level 0.4 Air Magic
 * Level 3.3 Poison Magic


You had 2 spell levels left.
You knew the following spells:

 Your Spells              Type           Power      Damage    Failure   Level
a - Sting                 Tmut/Pois      32%        1d4       9%          1
b - Poisonous Vapours     Pois/Air       14%        N/A       16%         2

Your spell library contained the following spells:

 Spells                   Type           Power      Damage    Failure   Level
 Mephitic Cloud           Conj/Pois/Air  5%         N/A       36%         3
 Olgreb's Toxic Radiance  Pois           11%        N/A       50%         4


Dungeon Overview and Level Annotations

Branches:
Dungeon (1/15)

Altars:


Innate Abilities, Weirdness & Mutations

You have extremely sharp teeth.
When hurt, damage is shared between your health and your magic reserves.
Your bite disrupts and absorbs the magic of your enemies.
Potions cannot restore your health.


Message History

A kobold comes into view.
It is wielding a +2 short sword of speed.
Unknown command.
You closely miss the ball python.
The ball python bites you but does no damage.
The ball python constricts you.
The kobold throws a stone.
The stone hits you.
You barely miss the ball python.
The kobold shouts!
Your bite misses the ball python. The ball python closely misses you.
The ball python constricts you.
You closely miss the ball python. Your bite misses the ball python.
The ball python bites you but does no damage.
The ball python constricts you.
The kobold throws a stone.
The stone barely misses you.
The ball python bites you but does no damage.
The ball python constricts you.
You hit the ball python but do no damage.
You bite the ball python.
You kill the ball python!
Casting: Sting (safe; 9% risk of failure)
Confirm with . or Enter, or press ? or * to list all spells.
Aiming: Sting (safe; 9% risk of failure)
Press: ? - help, Shift-Dir - straight line, f - endoplasm
Aim: an endoplasm (97% to hit)
The sting hits the endoplasm.
The endoplasm is poisoned.
The endoplasm is lightly wounded.
The endoplasm freezes you.
You are frozen.
The kobold hits you with a +0 whip.
* * * LOW HITPOINT WARNING * * *
Magic courses through your body. The endoplasm hits you.
* * * LOW HITPOINT WARNING * * *
The endoplasm attacks as you move away! The endoplasm closely misses you.
The kobold hits you with a +0 whip.
* * * LOW HITPOINT WARNING * * *
You hit the endoplasm.
You kill the endoplasm!
The kobold closely misses you.
As you read the scroll labelled PIOCVEOSOT, it crumbles to dust.
It is a scroll of enchant armour.
Your +0 robe glows green for a moment.
The kobold hits you with a +0 whip.
You die...

...... ..........#
......###........#
....#...........#
.....#..........##.
....!.............)
........##.....# ...
........|†K....## #.#
.....#....K....# #.#
#...##..@.....# #.#
##....#........# .##.#
#...#.#.#.....####
....####..##........[...##
###..##...##.............##
........#.#...............#
......^..>................#
....##......†.............#
#)........................#


You could see 2 kobolds.

Vanquished Creatures
  An endoplasm (D:1)
  3 giant cockroaches (D:1)
  3 goblins (D:1)
  A hobgoblin (D:1)
  2 ball pythons (D:1)
  A bat (D:1)
  2 frilled lizards (D:1)
  A kobold (D:1)
14 creatures vanquished.

Notes
Turn   | Place    | Note
-------+----------+-------------------------------------------
     0 | D:1      | ChrisAssaf the Vine Stalker Venom Mage began the quest for
                  | the Orb.
     0 | D:1      | Reached XP level 1. HP: 9/9 MP: 4/4
   111 | D:1      | Reached XP level 2. HP: 9/13 MP: 0/6
   131 | D:1      | Learned a level 2 spell: Poisonous Vapours
   231 | D:1      | Slain by a kobold

Illustrated notes

Levels and vault maps discovered:
D:1:      dpeg_arrival_shrine, layout_rooms

Action                     || total
---------------------------++-------
  Melee: Short sword       ||     7
         Bite              ||     1
   Cast: Sting             ||    11
         Poisonous Vapours ||     4
    Use: Scroll            ||     1
         Potion            ||     1
 Armour: Robe              ||     5
  Dodge: Dodged            ||    10
